 Dungeon Crawl Stone Soup version 0.24-a0-169-g71aafec (webtiles) character file.

Game seed: 4522300613418422619

499 silenth the Skirmisher (level 6, 0/52 HPs)
             Began as a Demonspawn Wanderer on Mar 8, 2019.
             Was a Follower of Dithmenos.
             Slain by an ice beast (6 damage)
             ... on level 5 of the Dungeon.
             The game lasted 00:09:18 (5623 turns).

silenth the Skirmisher (Demonspawn Wanderer)        Turns: 5623, Time: 00:09:19

Health: 0/52       AC:  0    Str: 13    XL:     6   Next: 94%
Magic:  6/6        EV: 12    Int: 13    God:    Dithmenos [*.....]
Gold:   192        SH:  4    Dex: 14    Spells: 5/5 levels left

rFire    + . .     SeeInvis .   b - +3 short sword
rCold    + . .     Gourm    .   d - +0 buckler
rNeg     . . .     Faith    .   (no armour)
rPois    .         Spirit   .   (helmet restricted)
rElec    .         Reflect  .   i - scarf {rC+ rF+}
rCorr    .         Harm     .   (no gloves)
MR       .....                  (no boots)
Stlth    +++++.....             (no amulet)
HPRegen  0.17/turn              (no ring)
MPRegen  0.10/turn              (no ring)

@: wreathed by umbra
A: antennae 1, nightstalker 2, rot immunity
a: Renounce Religion


You were on level 5 of the Dungeon.
You worshipped Dithmenos.
Dithmenos was aware of your devotion.
You were not hungry.

You visited 1 branch of the dungeon, and saw 5 of its levels.

You collected 192 gold pieces.

Inventory:

Hand Weapons
 a - a +0 hand crossbow
 b - a +3 short sword (weapon)
 k - a +0 short sword
Missiles
 c - 2 bolts
Armour
 d - a +0 buckler (worn)
 f - a +0 robe
 h - a +0 robe of magic resistance
 i - a scarf of resistance (worn)
Jewellery
 m - an uncursed amulet of harm {unknown}
Wands
 n - a wand of flame (27)
 q - a wand of enslavement (6)
Scrolls
 g - 3 scrolls of fear
 j - 4 scrolls of identify {unknown}
 l - 2 scrolls of magic mapping {unknown}
Potions
 o - a potion of degeneration {unknown}
 p - a potion of curing
Comestibles
 e - 5 rations


   Skills:
 + Level 5.8 Fighting
 + Level 0.0 Short Blades
 * Level 3.8 Crossbows
 - Level 1.0 Throwing
 - Level 1.7 Armour
 + Level 2.4 Dodging
 + Level 2.1 Stealth
 + Level 2.7 Shields
 - Level 1.0 Unarmed Combat
 + Level 0.0 Evocations


You had 5 spell levels left.
You didn't know any spells.
Your spell library was empty.

Dungeon Overview and Level Annotations

Branches:
Dungeon (5/15)
 Temple: D:4-7

Altars:
Dithmenos


Innate Abilities, Weirdness & Mutations

You have a pair of small antennae on your head.
You are significantly more attuned to the shadows.
You are immune to rotting.


Message History

You are too injured to fight recklessly!
You are too injured to fight recklessly!
You are too injured to fight recklessly!
You hit the ice beast.
The ice beast is severely wounded.
The ice beast hits you. The ice beast freezes you. You resist.
You hit the ice beast.
The ice beast is severely wounded.
The ice beast hits you. The ice beast freezes you. You resist.
* * * LOW HITPOINT WARNING * * *
The ice beast hits you.
* * * LOW HITPOINT WARNING * * *
The ice beast freezes you. You resist.
* * * LOW HITPOINT WARNING * * *
You hit the ice beast but do no damage.
The ice beast is severely wounded.
The ice beast hits you.
* * * LOW HITPOINT WARNING * * *
The ice beast freezes you. You resist.
You die...

(...(..#
......##
(.....#
.....## ###
#Y....# #.#
#@...# ##.#
##....# #..#
#....##
#..####...##
#...##....#
#...##...##
#.......##
##.....##
#...#.#


You could see an ice beast.

Vanquished Creatures
  An ogre (D:4)
  A scorpion (D:3)
  A howler monkey (D:5)
  A centaur zombie (D:4)
  A crimson imp (D:4)
  A hound (D:5)
  An iguana (D:4)
  A worker ant (D:4)
  Robin (D:2)
  4 adders
  3 gnolls
  An adder skeleton (D:4)
  5 worms
  4 dart slugs
  3 orcs
  3 giant cockroaches
  12 goblins
  11 hobgoblins
  7 jackals
  6 kobolds
  3 quokkas
  A ball python (D:2)
  7 bats
  7 frilled lizards
  A rat (D:1)
87 creatures vanquished.

Notes
Turn   | Place    | Note
-------+----------+-------------------------------------------
     0 | D:1      | silenth the Demonspawn Wanderer began the quest for the
                  | Orb.
     0 | D:1      | silenth set off with the following items: 2 potions of
                  | haste, a +0 hand crossbow, 21 bolts, a +0 buckler, a
                  | ration, a +0 robe
     0 | D:1      | Reached XP level 1. HP: 21/21 MP: 1/1
   462 | D:1      | Gained mutation: You are slightly more attuned to the
                  | shadows. [demonic ancestry]
   462 | D:1      | Reached XP level 2. HP: 25/27 MP: 2/2
   469 | D:1      | Reached skill level 1 in Crossbows
   790 | D:1      | Gained mutation: You have a pair of small antennae on your
                  | head. [demonic ancestry]
   790 | D:1      | Reached XP level 3. HP: 28/33 MP: 3/3
   945 | D:2      | Reached skill level 1 in Dodging
  1108 | D:2      | Found a shadowy altar of Dithmenos.
  1212 | D:2      | Noticed Robin
  1758 | D:2      | Reached skill level 2 in Crossbows
  1758 | D:2      | Gained mutation: You are significantly more attuned to the
                  | shadows. [demonic ancestry]
  1758 | D:2      | Reached XP level 4. HP: 32/39 MP: 4/4
  1833 | D:2      | Became a worshipper of Dithmenos the Shadowed
  2036 | D:2      | Killed Robin
  2558 | D:3      | Reached skill level 2 in Shields
  2836 | D:3      | Gained mutation: You are immune to rotting. [demonic
                  | ancestry]
  2836 | D:3      | Reached XP level 5. HP: 11/44 MP: 5/5
  3551 | D:4      | HP: 3/44 [iguana (11)]
  3570 | D:4      | Reached skill level 1 in Stealth
  4122 | D:4      | Reached skill level 3 in Crossbows
  4122 | D:4      | Reached skill level 2 in Dodging
  4247 | D:4      | Reached XP level 6. HP: 34/51 MP: 6/6
  4668 | D:4      | Reached * piety under Dithmenos
  4961 | D:5      | Entered Level 5 of the Dungeon
  4966 | D:5      | Reached skill level 2 in Stealth
  5608 | D:5      | Noticed an ice beast
  5623 | D:5      | Slain by an ice beast

Levels and vault maps discovered:
D:1:      dpeg_arrival_rooms_b, layout_rooms
D:2:      wad_river_or_something, layout_loops_ring, grunt_dithmenos_smoke,
          uniq_robin
D:3:      layout_loops_ring, first_ration
D:4:      layout_basic
D:5:      layout_layer_cave, uniq_grinder

Skill      XL: |  1  2  3  4  5  6 |
---------------+-------------------+-----
Crossbows      | 1 2 3 |  3.8
Dodging        | 1 2 |  2.4
Shields        | 2 |  2.7
Stealth        | 1 2 |  2.1
Fighting       | |  5.8
Throwing       | |  1.0
Armour         | |  1.7
Unarmed Combat | |  1.0

Action                   |  1- 3 |  4- 6 || total
-------------------------+-------+-------++-------
Melee: Unarmed           |    21 |       ||    21
       Short sword       |    83 |   163 ||   246
 Fire: Hand crossbow     |    22 |    62 ||    84
Evoke: Wand              |       |     2 ||     2
  Use: Scroll            |     1 |       ||     1
       Potion            |       |     4 ||     4
 Stab: Sleeping          |     5 |    10 ||    15
       Distracted        |       |     1 ||     1
  Eat: Chunk             |     2 |     8 ||    10
       Ration            |       |     2 ||     2
Armor: Robe              |    26 |    17 ||    43
Dodge: Dodged            |    74 |    98 ||   172
Block: Buckler           |    30 |    44 ||    74

Table legend:
 A = Non-vault XP
 B = Vault XP
 C = Vault XP percentage of total XP
 D = Non-vault monster count
 E = Vault monster count
 F = Vault count percentage of total count
                 A         B        C        D         E       F
            +---------+---------+-------+---------+---------+-------
      Total |     641 |      72 |  10.1 |      65 |      22 |  25.3
            +---------+---------+-------+---------+---------+-------
        D:1 |      46 |       0 |   0.0 |      20 |       0 |   0.0
        D:2 |      34 |      72 |  67.9 |      12 |      22 |  64.7
        D:3 |     108 |       0 |   0.0 |      16 |       0 |   0.0
        D:4 |     327 |       0 |   0.0 |      12 |       0 |   0.0
        D:5 |     126 |       0 |   0.0 |       5 |       0 |   0.0
            +---------+---------+-------+---------+---------+-------
